 Dungeon Crawl Stone Soup version 0.21.1-1-g345015f (webtiles) character file.

669 prawnwizard the Ruffian (level 7, -1/68 HPs)
             Began as a Troll Fighter on July 2, 2018.
             Was an Initiate of Makhleb.
             Slain by an orc
             ... wielding a +0 flail
              (7 damage)
             ... on level 5 of the Dungeon.
             The game lasted 00:06:02 (3039 turns).

prawnwizard the Ruffian (Troll Fighter)             Turns: 3039, Time: 00:06:02

Health: -1/68      AC:  6    Str: 27    XL:     7   Next: 32%
Magic:  6/6        EV:  9    Int:  4    God:    Makhleb [......]
Gold:   221        SH:  9    Dex:  9    Spells: 6/6 levels left

rFire    . . .     SeeInvis .     - Unarmed
rCold    + . .     Gourm    +   b - +0 shield
rNeg     . . .     Faith    .   j - +1 robe {rC+}
rPois    .         Spirit   .   (helmet restricted)
rElec    .         Reflect  .   (no cloak)
rCorr    .         Harm     .   (gloves unavailable)
MR       .....                  (boots unavailable)
Stlth    ++........             (no amulet)
HPRegen  0.61/turn              v - ring of stealth
MPRegen  0.10/turn              (no ring)

@: no status effects
A: large, unfitting armour, claws 3, fast metabolism 3, gourmand, regeneration
1, shaggy fur 1, tough skin 2
a: Renounce Religion


You were on level 5 of the Dungeon.
You worshipped Makhleb.
Makhleb was noncommittal.
You were very full.

You visited 2 branches of the dungeon, and saw 6 of its levels.

You collected 221 gold pieces.

Inventory:

Armour
 a - a +0 robe
 b - a +0 shield (worn)
 j - a +1 robe of cold resistance (worn)
Jewellery
 v - a ring of stealth (left claw)
Wands
 o - a wand of scattershot (4)
Scrolls
 e - 3 scrolls of fear {unknown}
 f - 2 scrolls of teleportation {unknown}
 m - 5 scrolls of enchant armour {unknown}
 n - 2 scrolls of identify {unknown}
 q - a scroll of magic mapping {unknown}
 r - 4 scrolls of remove curse {unknown}
 u - a scroll of fog {unknown}
 w - a scroll of enchant weapon {unknown}
 y - a scroll of random uselessness {unknown}
 z - 2 scrolls of amnesia {unknown}
Potions
 c - 4 potions of might
 g - a potion of degeneration {unknown}
 h - a potion of haste {unknown}
 i - a potion of resistance {unknown}
 k - a potion of invisibility {unknown}
 l - a potion of curing {unknown}
 s - a potion of mutation {unknown}
 t - a potion of lignification {unknown}
 x - a potion of heal wounds {unknown}
Comestibles
 d - 13 rations


   Skills:
 + Level 3.8 Fighting
 + Level 3.9 Dodging
 - Level 0.1 Stealth
 + Level 3.9 Shields
 * Level 5.1 Unarmed Combat


You had 6 spell levels left.
You didn't know any spells.

Dungeon Overview and Level Annotations

Branches:
Dungeon (5/15)             Temple (1/1) D:4

Altars:
Ashenzari
Cheibriados
Dithmenos
Elyvilon
Gozag
Hepliaklqana
Kikubaaqudgha
Makhleb
Nemelex Xobeh
Okawaru
Qazlal
Ru
Sif Muna
Trog
Uskayaw
Vehumet
Wu Jian
Xom
Yredelemnul
Zin
The Shining One

Annotations:
D:5 Menkaure


Innate Abilities, Weirdness & Mutations

You are too large for most types of armour.
You have claws for hands.
Your metabolism is lightning-fast.
You like to eat raw meat.
Your natural rate of healing is unusually fast.
You are covered in fur. (AC +1)
You have very tough skin. (AC +2)


Message History

* * * LOW HITPOINT WARNING * * *
You block the phantom's attack. The ice beast barely misses you.
The orc hits you with a flail.
* * * LOW HITPOINT WARNING * * *
You scratch Menkaure.
Menkaure is moderately damaged.
The phantom blinks!
Menkaure barely misses you. The ice beast hits you.
* * * LOW HITPOINT WARNING * * *
The ice beast freezes you. You resist.
* * * LOW HITPOINT WARNING * * *
You scratch Menkaure.
Menkaure is heavily damaged.
The orc barely misses you.
The phantom blinks!
The ice beast barely misses you.
Menkaure calls on the powers of darkness!
The ice beast convulses!
The orc convulses!
Your body is wracked with pain!
* * * LOW HITPOINT WARNING * * *
You claw Menkaure!
Menkaure is almost destroyed.
The orc hits you with a flail!
You die...

#..(.......#
#.......<..#
#..........#
#..........#
##........##
#..........#####
#.....ยง........#
#....?.......##.
#..........@o..#
#..........YM...#
#...........(...#
#......W........#
...............#
................
..%....>........
#.###.........#


You could see a phantom, an ice beast, Menkaure and an orc.

Vanquished Creatures
  Sigmund (D:4)
  An ogre (D:4)
  A scorpion (D:4)
  A howler monkey (D:3)
  A bullfrog skeleton (D:4)
  A gnoll shaman (D:4)
  3 worker ants (D:4)
  A hound skeleton (D:4)
  Robin (D:3)
  4 gnolls (D:4)
  4 adders
  3 oozes
  2 adder skeletons (D:4)
  2 worms
  3 dart slugs
  3 leopard geckos
  5 orcs (D:3)
  3 giant cockroaches
  16 goblins
  12 hobgoblins
  6 kobolds
  2 ball pythons
  13 bats
  A frilled lizard (D:1)
  7 rats
97 creatures vanquished.

Notes
Turn   | Place    | Note
-------+----------+-------------------------------------------
     0 | D:1      | prawnwizard the Troll Fighter began the quest for the Orb.
     0 | D:1      | Reached XP level 1. HP: 22/22 MP: 0/0
    85 | D:1      | Reached XP level 2. HP: 27/29 MP: 1/1
   265 | D:1      | Reached XP level 3. HP: 21/36 MP: 2/2
  1191 | D:2      | Reached XP level 4. HP: 30/44 MP: 3/3
  1535 | D:3      | Reached skill level 3 in Unarmed Combat
  1575 | D:3      | Reached XP level 5. HP: 52/53 MP: 4/4
  1620 | D:3      | Noticed Robin
  1648 | D:3      | Killed Robin
  1998 | D:3      | Found a faded altar of an unknown god.
  2448 | D:4      | Reached XP level 6. HP: 50/61 MP: 5/5
  2450 | D:4      | Noticed Sigmund
  2455 | D:4      | Reached skill level 4 in Unarmed Combat
  2458 | D:4      | Killed Sigmund
  2466 | D:4      | Reached XP level 7. HP: 46/68 MP: 6/6
  2474 | D:4      | Reached skill level 5 in Unarmed Combat
  2487 | D:4      | Found a staircase to the Ecumenical Temple.
  2511 | Temple   | Entered the Ecumenical Temple
  2684 | Temple   | Became a worshipper of Makhleb the Destroyer
  3016 | D:5      | Entered Level 5 of the Dungeon
  3024 | D:5      | Noticed Menkaure
  3039 | D:5      | Slain by an orc

Skill      XL: |  1  2  3  4  5  6  7 |
---------------+----------------------+-----
Dodging        | 3 |  3.9
Shields        | 3 |  3.9
Unarmed Combat | 3 4 5 |  5.1
Fighting       | 3 |  3.8
Stealth        | |  0.1

Action                   |  1- 3 |  4- 6 |  7- 9 || total
-------------------------+-------+-------+-------++-------
Melee: Unarmed           |   132 |   151 |    41 ||   324
  Eat: Chunk             |    17 |    11 |     4 ||    32
Armor: Robe              |    58 |    43 |     6 ||   107
Dodge: Dodged            |    66 |    59 |    13 ||   138
Block: Shield            |    79 |    76 |    18 ||   173
